 Dungeon Crawl Stone Soup version 0.31.0-9-g3a7656b989 (webtiles) character file.

Game seed: 5244744126533338682

38 qw the Shooter (level 3, 0/19 (20) HPs)
             Began as a Deep Elf Hunter on Feb 2, 2024.
             Slain by Terence
             ... wielding the +7 Throatcutter {drain, coup de grace}
              (11 damage)
             ... on level 2 of the Dungeon.
             The game lasted 00:00:03 (659 turns).

qw the Shooter (Deep Elf Hunter)                     Turns: 659, Time: 00:00:03

HP:   0/19 (20)     AC:  3    Str: 10    XL:     3   Next: 25%
MP:   5/5           EV: 12    Int: 13    God:
Gold: 98            SH:  0    Dex: 18    Spells: 2/2 levels left

rFire   . . .        a - +0 shortbow
rCold   . . .        (shield currently unavailable)
rNeg    . . .        c - +0 leather armour
rPois   .            (no helmet)
rElec   .            (no cloak)
rCorr   .            (no gloves)
SInv    .            (no boots)
Will    .....        (no amulet)
Stlth   ++           (no ring)
HPRegen 0.23/turn    (no ring)
MPRegen 0.09/turn

%: no passive effects
@: drained
A: no striking features
a: no special abilities


You were on level 2 of the Dungeon.
You visited 1 branch of the dungeon, and saw 2 of its levels.

You collected 98 gold pieces.


   Skills:
 - Level 1.5 Fighting
 + Level 6.8 Ranged Weapons
 - Level 2.4 Dodging
 - Level 1.2 Stealth


You had 2 spell levels left.
You didn't know any spells.
Your spell library was empty.

Inventory:

Hand Weapons
 a - a +0 shortbow (weapon)
Armour
 c - a +0 leather armour (worn)
Potions
 e - a potion of curing {unknown}

Dungeon Overview and Level Annotations

Branches:
Dungeon (2/15)

Altars:
Xom

Shops:
D:1 *

Annotations:
D:2 Robin, Terence


Message History

The goblin shouts!
The bat hits you.
Robin of the Strong Arm comes into view.
They are wielding a +0 trident and carrying a wand of flame.
A goblin comes into view. It is wielding a +0 club.
A goblin comes into view. It is wielding a +0 dagger.
You shoot an arrow.
Robin shouts!
The goblin shouts! x2
The arrow hits the bat but does no damage.
The bat misses you.
A goblin comes into view. It is wielding a +0 club.
You shoot an arrow. The goblin shouts!
The arrow hits Terence.
Terence is lightly wounded.
The bat closely misses you.
Terence hits you with the +7 Throatcutter {drain, coup de grace}.
You feel drained.
A hobgoblin comes into view.
Robin throws the goblin at you! The goblin barely misses you.
You shoot an arrow.
The arrow hits Terence but does no damage.
Terence is lightly wounded.
The bat barely misses you. Terence barely misses you. The goblin misses you.
The goblin closely misses you. The goblin completely misses you.
Robin throws the goblin at you!
You shoot an arrow. The arrow hits Terence.
Terence is moderately wounded.
The bat hits you but does no damage. The goblin hits you but does no damage.
The goblin barely misses you.
A goblin comes into view. It is wielding a +0 club.
Terence barely misses you. The goblin closely misses you.
The goblin hits you with a +0 club.
You shoot an arrow.
The arrow hits Terence but does no damage.
Terence is moderately wounded.
The bat hits you but does no damage.
Terence hits you with the +7 Throatcutter {drain, coup de grace}!
Ouch! That really hurt!
You die...
Terence says, "Rest in peace."

#..........#..........
##.........<#....####..
............#....####..
.###...#...##........#
#...#...##........#
#...##.##..........
######.b.##.##..........
.......gg.#.##.#####....
......g@..#.....# #....
.....gg@g.####### #...#
..........# #...#
..........# #...#
...g...)..# #...#
..gg....... .....
..........#.
..g..........


You could see Terence, Robin, a hobgoblin, 8 goblins and a bat.

Vanquished Creatures
  A ribbon worm (D:2)
  An endoplasm (D:1)
  2 giant cockroaches (D:1)
  5 goblins (D:1)
  3 hobgoblins (D:1)
  3 jackals (D:1)
  A kobold (D:1)
  2 quokkas (D:1)
  A ball python (D:1)
  5 bats (D:1)
  3 frilled lizards
  6 rats (D:1)
33 creatures vanquished.

Notes
Turn   | Place    | Note
-------+----------+-------------------------------------------
     0 | D:1      | qw the Deep Elf Hunter began the quest for the Orb.
     0 | D:1      | Reached XP level 1. HP: 12/12 MP: 3/3
     0 | D:1      | 0 ||| qw: Version: 0.3-a-155-g5e7d8dd
     0 | D:1      | 0 ||| qw: Game counter: 1237
     0 | D:1      | 0 ||| qw: Melee chars always use a shield: true
     0 | D:1      | 0 ||| qw: God list: Okawaru
     0 | D:1      | 0 ||| qw: Allow faded altars: false
     0 | D:1      | 0 ||| qw: Do Orc after clearing Dungeon:15 true
     0 | D:1      | 0 ||| qw: Do second Lair branch before Depths: true
     0 | D:1      | 0 ||| qw: Lair rune preference: random
     0 | D:1      | 0 ||| qw: Goals: Normal
     0 | D:1      | 0 ||| PLANNING D:1-11
    10 | D:1      | Found Pask's General Store.
    25 | D:1      | 25 ||| SHOPLISTING +0 ring mail (44 gold, have 6).
    25 | D:1      | 25 ||| SHOPLISTING scroll of identify (22 gold, have 6).
   128 | D:1      | Reached skill level 6 in Ranged Weapons
   128 | D:1      | Reached XP level 2. HP: 16/16 MP: 4/4
   355 | D:1      | Reached XP level 3. HP: 20/20 MP: 5/5
   513 | D:1      | 513 ||| READING scroll labelled KIATOL LAUMUR.
   513 | D:1      | 513 ||| IDENTIFYING red potion
   514 | D:1      | 514 ||| DROPPING scroll of butterflies.
   515 | D:1      | 515 ||| DROPPING potion of lignification.
   608 | D:2      | Found a shimmering altar of Xom.
   650 | D:2      | Noticed Terence
   654 | D:2      | Noticed Robin
   659 | D:2      | Slain by Terence

Levels and vault maps discovered:
D:1:      moated_graveyard_arrival, layout_loops_cross, serial_shops, shop
D:2:      layout_basic, basic_altar, kennysheep_flooded_box, uniq_terence,
          uniq_robin

Skill      XL: |  1 |
---------------+----+-----
Ranged Weapons | 6 |  6.8
Fighting       | |  1.5
Dodging        | |  2.4
Stealth        | |  1.2

Action                     || total
---------------------------++-------
   Fire: Shortbow          ||    93
    Use: Scroll            ||     1
 Armour: Leather armour    ||    31
  Dodge: Dodged            ||    48

Table legend:
 A = Non-vault XP
 B = Vault XP
 C = Vault XP percentage of total XP
 D = Non-vault monster count
 E = Vault monster count
 F = Vault count percentage of total count
                 A         B        C        D         E       F
            +---------+---------+-------+---------+---------+-------
      Total |      55 |       0 |   0.0 |      33 |       0 |   0.0
            +---------+---------+-------+---------+---------+-------
        D:1 |      50 |       0 |   0.0 |      31 |       0 |   0.0
        D:2 |       5 |       0 |   0.0 |       2 |       0 |   0.0
            +---------+---------+-------+---------+---------+-------
